 Dungeon Crawl Stone Soup version 0.30-a0-23-ge60ba3568b (webtiles) character file.

Game seed: 1392396000816801450

29504 quinnr the Ruinous (level 13, -11/72 HPs)
             Began as a Tengu Conjurer on Aug 25, 2022.
             Was a High Priest of Vehumet.
             Mangled by a vault guard
             ... wielding a +2 bardiche
              (26 damage)
             ... on level 14 of the Dungeon.
             The game lasted 00:45:13 (21610 turns).

quinnr the Ruinous (Tengu Conjurer)                Turns: 21610, Time: 00:45:14

Health: -11/72     AC:  8    Str:  8    XL:     13   Next: 45%
Magic:  4/26       EV: 18    Int: 24    God:    Vehumet [*****.]
Gold:   582        SH:  7    Dex: 12    Spells: 6/28 levels left

rFire   + . .      SeeInvis .    w - staff of fire
rCold   . . .      Faith    .    C - +2 buckler
rNeg    . . .      Spirit   .    X - +2 robe {Will+}
rPois   +          Reflect  .    N - +2 hat
rElec   .          Harm     .    o - +0 cloak {rCorr}
rCorr   +          Rampage  .    j - +0 pair of gloves
Will    +....                    (boots unavailable)
Stlth   ++........               R - amulet of regeneration
HPRegen 1.02/turn                v - ring of poison resistance
MPRegen 0.20/turn                H - ring of wizardry

@: flying quickly and evasively, quick
A: beak, talons 3, nimble flight
a: Renounce Religion


You were on level 14 of the Dungeon.
You worshipped Vehumet.
Vehumet was extremely pleased with you.
You visited 2 branches of the dungeon, and saw 15 of its levels.
You also visited: Ossuary and Bailey.

You collected 915 gold pieces.
You spent 333 gold pieces at shops.

Inventory:

Hand Weapons
 u - a +2 dagger of flaming
 O - a +4 dagger
 Y - the +10 quarterstaff of the Lurker {pain, rN+ Will+}
   (You found it on level 10 of the Dungeon)

   In the hands of one skilled in necromantic magic, it inflicts extra damage on
   living creatures.
   rN:        It protects you from negative energy.
   Will:      It increases your willpower.
Missiles
 A - 4 atropa-tipped darts
 D - 4 throwing nets
Armour
 j - a +0 pair of gloves (worn)
 o - a +0 cloak of preservation (worn)
 C - a +2 buckler (worn)
 N - a +2 hat (worn)
 X - a +2 robe of willpower (worn)
Magical Staves
 a - a staff of poison
 w - a staff of fire (weapon)
Jewellery
 b - a ring of magical power
 i - a ring of ice
 v - a ring of poison resistance (left hand)
 H - a ring of wizardry (right hand)
 K - the ring "Ysoph" {Contam rPois Str+6 Dex+5}
   (You acquired it on level 12 of the Dungeon)

   [ring of strength]

   Str:       It affects your strength (+6).
   Dex:       It affects your dexterity (+5).
   rPois:     It protects you from poison.
   Contam:    It causes magical contamination when unequipped.
 R - an amulet of regeneration (around neck)
 W - a ring of see invisible
Wands
 t - a wand of polymorph (13)
 P - a wand of charming (7)
 V - a wand of flame (43)
 Z - a wand of quicksilver (2)
Scrolls
 c - 5 scrolls of teleportation
 d - 2 scrolls of amnesia {unknown}
 g - 3 scrolls of brand weapon {unknown}
 k - 3 scrolls of poison {unknown}
 l - 6 scrolls of vulnerability
 n - a scroll of torment {unknown}
 p - 3 scrolls of noise {unknown}
 r - 3 scrolls of magic mapping
 y - 3 scrolls of butterflies {unknown}
 z - 2 scrolls of blinking
 F - a scroll of enchant weapon {unknown}
 G - 4 scrolls of enchant armour {unknown}
 T - 3 scrolls of immolation
Potions
 e - 3 potions of cancellation
 f - 7 potions of might
 h - 5 potions of haste
 m - 4 potions of brilliance
 q - 8 potions of curing {unknown}
 s - 2 potions of attraction {unknown}
 x - 3 potions of degeneration {unknown}
 B - 6 potions of lignification
 E - 2 potions of magic
 I - a potion of ambrosia
 J - 3 potions of flight
 L - 2 potions of berserk rage
 M - 5 potions of mutation
 Q - 2 potions of resistance
 S - a potion of heal wounds
 U - a potion of invisibility


   Skills:
 - Level 5.0 Fighting
 - Level 4.0 Armour
 - Level 9.0 Dodging
 - Level 2.0 Stealth
 - Level 4.0 Shields
 - Level 8.0 Spellcasting
 + Level 21.0 Conjurations
 - Level 6.0 Fire Magic
 - Level 5.0 Evocations


You had 6 spell levels left.
You knew the following spells:

 Your Spells              Type           Power      Damage    Failure   Level
a - Magic Dart            Conj           100%       1d8       0%          1
b - Searing Ray           Conj           100%       2d8       0%          2
c - Dazzling Flash        Conj/Hex       100%       N/A       1%          3
d - Iskenderun's Battles  Conj           84%        2d13      1%          5
e - Fireball              Conj/Fire      42%        3d17      1%          5
f - Starburst             Conj/Fire      42%        6d12      1%          6

Your spell library contained the following spells:

 Spells                   Type           Power      Damage    Failure   Level
 Hailstorm                Conj/Ice       56%        3d12      1%          4
 Poisonous Vapours        Pois/Air       18%        N/A       1%          2
 Ignite Poison            Fire/Tmut/Pois 28%        N/A       1%          3
 Mephitic Cloud           Conj/Pois/Air  43%        N/A       1%          3
 Fulminant Prism          Conj/Hex       28%        3d14      1%          4
 Iskenderun's Mystic Bla  Conj/Tloc      56%        2d12      1%          4
 Freezing Cloud           Conj/Ice/Air   21%        6-21      1%          5
 Irradiate                Conj/Tmut      28%        3d21      1%          5
 Conjure Ball Lightning   Conj/Air       28%        3x3d8     2%          6
 Slow                     Hex            36%        N/A       3%          1
 Sting                    Tmut/Pois      36%        1d4       3%          1
 Confusing Touch          Hex            9%         N/A       10%         3
 Gell's Gravitas          Tloc           9%         N/A       10%         3
 Lesser Beckoning         Tloc           9%         N/A       10%         3
 Teleport Other           Tloc           9%         N/A       10%         3
 Vampiric Draining        Necr           9%         2d6       10%         3
 Olgreb's Toxic Radiance  Pois           9%         N/A       10%         4
 Corpse Rot               Necr/Pois/Air  9%         N/A       32%         4
 Agony                    Necr           9%         N/A       63%         5
 Blade Hands              Tmut           4%         N/A       63%         5
 Silence                  Hex/Air        4%         N/A       63%         5
 Orb of Destruction       Conj           42%        9d12      1%          7
 Fire Storm               Conj/Fire      42%        8d11      92%         9
 Chain Lightning          Conj/Air       28%        3d37      99%         9
 Dragon Form              Tmut           4%         N/A       100%        7
 Shatter                  Erth           4%         3d8*      100%        9


Dungeon Overview and Level Annotations

Branches:
Dungeon (14/15)            Temple (1/1) D:6            Lair (0/5) D:11
    Orc (0/2) D:10         Vaults (0/5) D:14        Ossuary (visited)
 Bailey (visited)

Altars:
Ashenzari
Cheibriados
Dithmenos
Elyvilon
Fedhas
Hepliaklqana
Kikubaaqudgha
Makhleb
Nemelex Xobeh
Okawaru
Qazlal
Ru
Sif Muna
Trog
Uskayaw
Vehumet
Wu Jian
Xom
Yredelemnul
Zin
The Shining One
Jiyva

Shops:
D:6 (   D:9 *

Annotations:
D:2 exclusion: 2 gnolls


Innate Abilities, Weirdness & Mutations

You have a beak for a mouth.
You have claws for feet.
Your magical nature lets you fly swiftly and evasively.


Message History

Unknown command.
Casting: Starburst (dangerous; 1% risk of failure)
Confirm with . or Enter, or press ? or * to list all spells.
Casting: Starburst (dangerous; 1% risk of failure)
Press: ? - help, Dir - look around, f - activate You feel a surge of power!
The bolt of fire hits the deep elf pyromancer!!!
You kill the deep elf pyromancer!
Vehumet accepts your kill.
The bolt of fire hits the skeletal warrior!!
You destroy the skeletal warrior!
Vehumet accepts your kill.
The bolt of fire hits the centaur warrior!!!
The centaur warrior is almost dead.
The bolt of fire misses the troll.
The vault guard hits you from afar with a +2 bardiche!!
* * * LOW HITPOINT WARNING * * *
Your Conjurations skill increases to level 21!
Unknown command.
Unknown command.
Unknown command.
Casting: Starburst (dangerous; 1% risk of failure)
Confirm with . or Enter, or press ? or * to list all spells.
Casting: Starburst (dangerous; 1% risk of failure)
Press: ? - help, Dir - look around, f - activate You feel a surge of power!
The bolt of fire hits the centaur warrior!!
You kill the centaur warrior!
Vehumet accepts your kill.
You feel your power returning.
The bolt of fire hits the boulder beetle!!!
The boulder beetle is almost dead.
The bolt of fire hits the vault guard!!
The vault guard is heavily wounded.
The bolt of fire misses the vault guard.
Your battlesphere fires!
The barrage of energy hits the boulder beetle!
The boulder beetle is almost dead.
The vault guard hits you from afar with a +2 bardiche!!
You die...

..#.................##.######.###
......##.......##...##.# #.#
..#..####.....####..##.# #.#
....## ##...## ##.##.# #.# ....#
##+## ##..#.# #.# ..... ...
##....># #.# .. .. #..*#
##...##.# #.# ....C.#....##.# #.#
..p.pBp@).....# #.#
..TQ.p#.......######.# #...#
##...##......#.# ...
##..##.####.#(# # ##.##.####.#.#
##.#.........# ##.....####.###
#.......# #.# .....#...# #.#


You could see a boulder beetle (ally target), 4 vault guards, a cyclops, a
troll, a tengu conjurer and a friendly battlesphere.

Vanquished Creatures
  A boulder beetle (D:13)
  Harold (D:10)
  3 two-headed ogres
  The ghost of nickcage the Basher, a novice MiAK of Lugonu (D:7)
  5 centaur warriors
  A tengu warrior (D:14)
  A skeletal warrior (D:14)
  A wizard (D:14)
  A deep elf pyromancer (D:14)
  A manticore (D:13)
  3 ugly things (D:13)
  5 cyclopes
  A gargoyle (D:11)
  2 unseen horrors
  A komodo dragon (D:11)
  7 kobold demonologists
  2 trolls
  Grinder (D:5)
  Prince Ribbit (D:8)
  8 slime creatures
  Sigmund (D:5)
  A shadow (D:13)
  2 wyverns
  2 spriggans (Bailey)
  5 wraiths
  15 yaks
  Grum (D:10)
  8 vampire mosquitoes
  A steam dragon (Bailey)
  4 wargs (D:12)
  A water moccasin (D:8)
  13 orc warriors
  A sky beast (D:7)
  An ice beast (D:6)
  2 black bears
  5 ogres
  2 wolves (D:10)
  13 centaurs
  2 phantoms
  4 kobold brigands
  Blork the orc (D:5)
  2 bullfrogs
  9 scorpions
  7 wights
  7 howler monkeys
  5 jellies
  3 electric eels
  3 centaur zombies (Ossuary)
  8 hounds
  2 human zombies (Ossuary)
  9 orc priests
  2 gnoll boudas
  Jessica (D:3)
  Ijyb (D:3)
  Natasha (thrice) (D:2)
  Terence (D:3)
  8 scorpion zombies (Ossuary)
  5 iguanas
  15 orc wizards
  3 mummies (Ossuary)
  Robin (D:3)
  17 gnolls
  4 adders
  8 river rats (D:6)
  6 white imps
  2 ufetubi
  3 worms
  4 dart slugs
  56 orcs
  8 bats
  2 endoplasms
  3 giant cockroaches
  A gnoll zombie (Ossuary)
  22 goblins
  9 hobgoblins
  2 jackals (D:1)
  13 kobolds
  9 quokkas
  3 training dummies (D:6)
  7 ball pythons
  4 frilled lizards
  2 goblin zombies (Ossuary)
  A hobgoblin zombie (Ossuary)
  4 kobold zombies (Ossuary)
  3 orc zombies (Ossuary)
  18 rats (D:6)
438 creatures vanquished.

Vanquished Creatures (others)
  2 fungi (D:7)
  18 plants
20 creatures vanquished.

Grand Total: 458 creatures vanquished

Notes
Turn   | Place    | Note
-------+----------+-------------------------------------------
     0 | D:1      | quinnr the Tengu Conjurer began the quest for the Orb.
     0 | D:1      | Reached XP level 1. HP: 10/10 MP: 4/4
   206 | D:1      | Reached XP level 2. HP: 15/15 MP: 1/6
   266 | D:1      | Found a faded altar of an unknown god.
   722 | D:1      | Reached XP level 3. HP: 19/19 MP: 5/7
   844 | D:1      | Reached skill level 6 in Conjurations
  1520 | D:2      | Noticed Natasha
  1526 | D:2      | Killed Natasha
  1527 | D:2      | Reached XP level 4. HP: 16/24 MP: 2/9
  1533 | D:2      | Noticed Natasha
  1547 | D:2      | HP: 2/24 [Natasha/magic dart (6)]
  1549 | D:2      | Killed Natasha
  1550 | D:2      | Reached skill level 7 in Conjurations
  1601 | D:2      | Noticed Natasha
  1972 | D:2      | Learned a level 2 spell: Searing Ray
  1976 | D:2      | Learned a level 3 spell: Dazzling Flash
  2143 | D:2      | Gained mutation: Your magical nature lets you fly swiftly
                  | and evasively. [Tengu growth]
  2143 | D:2      | Reached XP level 5. HP: 24/28 MP: 4/10
  2242 | D:2      | Killed Natasha
  2463 | D:3      | Noticed Ijyb
  2469 | D:3      | Killed Ijyb
  2470 | D:3      | Reached skill level 8 in Conjurations
  2564 | D:3      | Noticed Robin
  2574 | D:3      | Killed Robin
  2826 | D:3      | Reached XP level 6. HP: 23/32 MP: 2/11
  3015 | D:3      | Noticed Terence
  3066 | D:3      | Killed Terence
  3376 | D:3      | Reached skill level 9 in Conjurations
  3517 | D:3      | Noticed Jessica
  3526 | D:3      | Killed Jessica
  3689 | D:3      | Learned a level 5 spell: Iskenderun's Battlesphere
  4144 | D:4      | Noticed a black bear
  4152 | D:4      | Killed a black bear
  4153 | D:4      | Reached skill level 10 in Conjurations
  4205 | D:4      | Reached XP level 7. HP: 36/36 MP: 7/12
  5154 | D:5      | Entered Level 5 of the Dungeon
  5304 | D:5      | Reached skill level 11 in Conjurations
  5308 | D:5      | Reached skill level 1 in Shields
  5762 | D:5      | Noticed Blork the orc
  5769 | D:5      | Killed Blork the orc
  5770 | D:5      | Reached XP level 8. HP: 41/41 MP: 2/13
  6305 | D:5      | Noticed Grinder
  6318 | D:5      | Killed Grinder
  6319 | D:5      | Reached skill level 12 in Conjurations
  6973 | D:5      | Noticed Sigmund
  6982 | D:5      | Killed Sigmund
  7173 | D:5      | Found a bloodstained altar of Trog.
  7373 | D:5      | Found an ancient bone altar of Kikubaaqudgha.
  7449 | D:6      | Found a staircase to the Ecumenical Temple.
  7458 | Temple   | Entered the Ecumenical Temple
  7620 | Temple   | Became a worshipper of Vehumet
  7986 | D:6      | Reached skill level 13 in Conjurations
  8080 | D:6      | Reached XP level 9. HP: 45/45 MP: 4/16
  8569 | D:6      | Reached skill level 14 in Conjurations
  8782 | D:6      | Found Jujos's Firing Range.
  9137 | D:6      | Reached * piety under Vehumet
  9137 | D:6      | Offered knowledge of Freeze by Vehumet.
  9507 | D:6      | Reached skill level 15 in Conjurations
  9544 | D:6      | Offered knowledge of Sandblast by Vehumet.
  9545 | D:6      | Reached ** piety under Vehumet
  9757 | D:6      | Learned a level 5 spell: Fireball
  9769 | D:6      | Reached skill level 1 in Fire Magic
 10403 | D:7      | Found a sacrificial altar of Ru.
 10481 | D:7      | Found a hazy altar of Hepliaklqana.
 10936 | D:7      | Found a shadowy altar of Dithmenos.
 11054 | D:8      | Found a runed translucent gate.
 11056 | D:8      | Offered knowledge of Inner Flame by Vehumet.
 11060 | D:8      | Found a flagged portal.
 11060 | D:8      | Found a runed translucent gate.
 11074 | Bailey   | Entered a bailey
 11191 | Bailey   | Reached XP level 10. HP: 50/50 MP: 15/17
 11195 | Bailey   | Reached skill level 16 in Conjurations
 11238 | Bailey   | Reached skill level 5 in Fire Magic
 11340 | Bailey   | Noticed a two-headed ogre
 11349 | Bailey   | Killed a two-headed ogre
 11350 | Bailey   | Reached skill level 1 in Armour
 11482 | D:8      | Found a sand-covered staircase.
 11488 | Ossuary  | Entered an ossuary
 11758 | Ossuary  | Reached *** piety under Vehumet
 12135 | Ossuary  | Offered knowledge of Airstrike by Vehumet.
 12815 | D:8      | Found a runed translucent gate.
 12816 | D:8      | Found a viscous altar of Jiyva.
 12816 | D:8      | Noticed nickcage's ghost (novice MiAK)
 12866 | D:8      | Found a shimmering blue altar of Sif Muna.
 13266 | D:8      | Noticed Prince Ribbit
 13269 | D:8      | Killed Prince Ribbit
 13458 | D:9      | Reached **** piety under Vehumet
 13639 | D:9      | Found a white marble altar of Elyvilon.
 13678 | D:9      | Offered knowledge of Flame Wave by Vehumet.
 13839 | D:9      | Found Vuproqa's Assorted Antiques.
 13847 | D:9      | Bought a blackened emerald amulet for 155 gold pieces
 13852 | D:9      | Bought a scroll of identify for 62 gold pieces
 13852 | D:9      | Bought a scroll of identify for 62 gold pieces
 13852 | D:9      | Bought a cyan potion for 27 gold pieces
 13852 | D:9      | Bought a sedimented brown potion for 27 gold pieces
 13867 | D:9      | Noticed a two-headed ogre
 13880 | D:9      | Killed a two-headed ogre
 13881 | D:9      | Reached skill level 5 in Dodging
 13881 | D:9      | Reached skill level 5 in Spellcasting
 13881 | D:9      | Reached XP level 11. HP: 20/54 MP: 8/19
 14125 | D:9      | Found a transporter.
 14199 | D:9      | Noticed a two-headed ogre
 14225 | D:9      | Killed a two-headed ogre
 14837 | D:10     | Entered Level 10 of the Dungeon
 14840 | D:10     | Found a snail-covered altar of Cheibriados.
 14932 | D:10     | Identified the +1 chain mail "Zeni" {Str+2 Int+2}
 14962 | D:10     | Identified the +10 quarterstaff of the Lurker {pain, rN+
                  | Will+}
 15094 | D:10     | Noticed Grum
 15148 | D:10     | Found an ornate altar of the Wu Jian Council.
 15173 | D:10     | Killed Grum
 15178 | D:10     | Noticed Harold
 15202 | D:10     | Killed Harold
 15421 | D:7      | Killed nickcage's ghost
 15937 | D:10     | Noticed a centaur warrior
 15940 | D:10     | Killed a centaur warrior
 15941 | D:10     | Reached XP level 12. HP: 36/60 MP: 12/25
 16010 | D:10     | Reached skill level 17 in Conjurations
 16090 | D:10     | Reached skill level 1 in Evocations
 16094 | D:10     | Reached skill level 1 in Fighting
 16191 | D:10     | Reached ***** piety under Vehumet
 16191 | D:10     | Offered knowledge of Starburst by Vehumet.
 16652 | D:10     | Found a staircase to the Orcish Mines.
 16897 | D:11     | Learned a level 6 spell: Starburst
 16900 | D:11     | Found a staircase to the Lair.
 16996 | D:11     | Noticed a centaur warrior
 16999 | D:11     | Killed a centaur warrior
 17839 | D:12     | Identified a scroll of acquirement
 17839 | D:12     | Acquired the ring "Ysoph" {Contam rPois Str+6 Dex+5}
 19001 | D:12     | Reached skill level 18 in Conjurations
 19027 | D:12     | Reached skill level 5 in Fighting
 19027 | D:12     | Reached skill level 5 in Evocations
 19650 | D:13     | Noticed a sun demon
 19652 | D:13     | Reached skill level 19 in Conjurations
 19652 | D:13     | Reached XP level 13. HP: 72/72 MP: 11/26
 20774 | D:13     | Offered knowledge of Hailstorm by Vehumet.
 20775 | D:13     | Reached skill level 20 in Conjurations
 21606 | D:14     | Found a gate to the Vaults.
 21606 | D:14     | Noticed a vault guard
 21606 | D:14     | Noticed a vault guard
 21606 | D:14     | Noticed a vault guard
 21606 | D:14     | Noticed a vault guard
 21610 | D:14     | Reached skill level 21 in Conjurations
 21610 | D:14     | Mangled by a vault guard

Illustrated notes

Levels and vault maps discovered:
D:1:      wander_arrival_chamber, layout_basic,
          dreamdust_ecumenical_altar_statues, minmay_misc_feat_diagonals
D:2:      layout_loops_ring, chequers_jeans, uniq_crazy_yiuf_cottage,
          uniq_natasha
D:3:      minmay_door_path, layout_loops_ring, uniq_terence, uniq_robin,
          uniq_ijyb, uniq_jessica
D:4:      layout_basic, chequers_avenue
D:5:      layout_layer_cave, trog_three_pillars_becter, kiku_gazebo_pond_becter,
          minmay_holes, uniq_sigmund, uniq_blork_the_orc, uniq_grinder
D:6:      lemuel_ratsnest, layout_basic, minmay_temple_entry_mini_moons,
          nicolae_shop_firing_range
D:7:      layout_loops_cross, grunt_dithmenos_shadows,
          nicolae_ru_the_path_less_chosen, worldfamousw_hep_ancestral_shrine,
          serial_glass, glass_columns_a, glass_columns_a
D:8:      layout_gridville, led_sif_pool, enter_bailey_3,
          nicolae_ossuary_entry_plus, gammafunk_ghost_ooze, uniq_prince_ribbit1
D:9:      layout_roguey, nicolae_elyvilon_temple_path, serial_shops,
          nicolae_shop_waterfront, nicolae_diode_basic
D:10:     layout_loops_ring, lemuel_round_altar, kennysheep_mini,
          hiddenorc1_lemuel, dreamdust_wishing_well, uniq_harold, uniq_grum
D:11:     layout_basic, david_lair_shrubbed
D:12:     layout_irregular_city, nooodl_orcs_dogs
D:13:     layout_irregular_city
D:14:     layout_basic, lightli_vaults_fourway_checkpoint,
          minmay_misc_feat_pillars
Temple:   compressed_dpeg_triangle_lava_temple

Skill      XL: |  1  2  3  4  5  6  7  8  9 10 11 12 13 |
---------------+----------------------------------------+-----
Conjurations   | 6 7 8 10 11 13 15 16 19 21 | 21.0
Spellcasting   | 3 4 5 8 |  8.0
Shields        | 2 4 |  4.0
Fire Magic     | 4 6 |  6.0
Armour         | 4 |  4.0
Dodging        | 5 9 |  9.0
Evocations     | 5 |  5.0
Fighting       | 5 |  5.0
Stealth        | |  2.0

Action                   |  1- 3 |  4- 6 |  7- 9 | 10-12 | 13-15 || total
-------------------------+-------+-------+-------+-------+-------++-------
Melee: Unarmed           |     1 |       |       |       |       ||     1
       Dagger            |       |    15 |       |     8 |       ||    23
       Peck              |       |     2 |     5 |     3 |       ||    10
       Kick              |       |     4 |     6 |     7 |       ||    17
       Staff             |       |       |    19 |     3 |     1 ||    23
 Cast: Magic Dart        |    72 |    74 |   253 |   205 |    18 ||   622
       Searing Ray       |       |    13 |    31 |    51 |     4 ||    99
       Iskenderun's Batt |       |       |    27 |    49 |    12 ||    88
       Fireball          |       |       |       |    49 |    23 ||    72
       Starburst         |       |       |       |    19 |     9 ||    28
Evoke: Wand              |       |       |       |     5 |     6 ||    11
  Use: Potion            |       |     2 |       |     2 |       ||     4
       Scroll            |       |       |     5 |    13 |     2 ||    20
Armor: Robe              |       |     6 |    19 |     9 |     7 ||    41
       Steam dragon scal |       |       |       |     9 |       ||     9
Dodge: Dodged            |     1 |    21 |    61 |    63 |    24 ||   170
Block: Buckler           |       |       |    25 |    35 |    19 ||    79

Table legend: (Time is in decaauts)
 A = Elapsed time spent in this place.
 B = Non-inter-level travel time spent in this place.
 C = Inter-level travel time spent in this place.
 D = Time resting spent in this place.
 E = Time spent auto-exploring this place.
 F = Levels seen in this place.
 G = Mean time per level.
                   A        B        C        D        E       F      G
               +--------+--------+--------+--------+--------+-----+--------+
         Total |  20752 |  20111 |    641 |   2482 |  14812 |  17 | 1220.7 |
       Dungeon |  18715 |  18112 |    603 |   2036 |  13662 |  14 | 1336.8 |
        Temple |    582 |    544 |     38 |    137 |    363 |   1 |  582.0 |
       Ossuary |   1077 |   1077 |      0 |    202 |    657 |   1 | 1077.0 |
        Bailey |    376 |    376 |      0 |    107 |    128 |   1 |  376.0 |
               +--------+--------+--------+--------+--------+-----+--------+

Top non-repeatable levels by time:
     D:4: 2032 daAuts
    D:12: 1882 daAuts
     D:6: 1590 daAuts
     D:7: 1427 daAuts
     D:5: 1413 daAuts
    D:10: 1362 daAuts
     D:9: 1318 daAuts
     D:1: 1301 daAuts
     D:3: 1245 daAuts
     D:8: 1216 daAuts
     D:2: 1201 daAuts
    D:13: 1174 daAuts
 Ossuary: 1077 daAuts
    D:11: 1028 daAuts
  Temple: 582 daAuts
